 Dungeon Crawl Stone Soup version 0.24.1-1-gd1d2a07e1b (webtiles) character file.

Game seed: 8113608888321733119, levelgen mode: deterministic

3056 TempestWithin the Bludgeoner (level 9, -3/70 HPs)
             Began as a Minotaur Berserker on Apr 8, 2020.
             Was an Elder of Trog.
             Slain by a yak (9 damage)
             ... on level 8 of the Dungeon.
             The game lasted 00:36:40 (7743 turns).

TempestWithin the Bludgeoner (Minotaur Berserker)   Turns: 7743, Time: 00:36:41

Health: -3/70      AC: 11    Str: 24    XL:     9   Next: 57%
Magic:  8/8        EV:  7    Int:  7    God:    Trog [****..]
Gold:   353        SH:  0    Dex: 10    Spells: 8/8 levels left

rFire    + . .     SeeInvis .   a - +0 mace
rCold    x . .     Gourm    .   (no shield)
rNeg     . . .     Faith    .   i - +0 plate armour
rPois    .         Spirit   .   (helmet restricted)
rElec    .         Reflect  .   (no cloak)
rCorr    .         Harm     .   (no gloves)
MR       .....                  (no boots)
Stlth    ..........             E - amulet of rage
HPRegen  0.21/turn              y - ring of fire
MPRegen  0.11/turn              z - +2 ring of strength

@: berserk cooldown, slowed, very slow
A: retaliatory headbutt, horns 2
a: Berserk, Trog's Hand, Brothers in Arms, Renounce Religion, Evoke Berserk Rage


You were on level 8 of the Dungeon.
You worshipped Trog.
Trog was greatly pleased with you.
You were very hungry.

You visited 2 branches of the dungeon, and saw 9 of its levels.
You also visited: Ossuary.

You collected 353 gold pieces.

Inventory:

Hand Weapons
 a - a +0 mace (weapon)
 s - a +1 short sword of venom
 J - a +0 broad axe
 K - a +1 battleaxe of pain
 L - a +0 flail
Missiles
 m - 41 bolts (quivered)
Armour
 b - a +0 animal skin
 i - a +0 plate armour (worn)
Jewellery
 y - a ring of fire (left hand)
 z - a +2 ring of strength (right hand)
 E - an amulet of rage (around neck)
 H - an uncursed ring of fire
Wands
 t - a wand of flame (20)
 F - a wand of scattershot (8)
Scrolls
 g - a scroll of magic mapping
 h - a scroll of random uselessness {unknown}
 j - 2 scrolls of fog {unknown}
 k - 3 scrolls of identify
 l - 4 scrolls of amnesia
 n - 2 scrolls of blinking
 r - a scroll of teleportation {unknown}
 v - a scroll of noise {unknown}
 w - 2 scrolls of remove curse
 A - 2 scrolls of immolation {unknown}
 C - a scroll of fear {unknown}
 G - a scroll of enchant weapon {unknown}
Potions
 d - a potion of ambrosia {unknown}
 e - 4 potions of lignification
 f - a potion of heal wounds {unknown}
 o - 4 potions of curing {unknown}
 p - 2 potions of degeneration {unknown}
 q - 2 potions of magic {unknown}
 u - a potion of brilliance {unknown}
 x - a potion of agility {unknown}
 B - a potion of flight {unknown}
 D - a potion of resistance {unknown}
 I - a potion of berserk rage {unknown}
Comestibles
 c - 17 rations


   Skills:
 - Level 3.6 Fighting
 + Level 15.2 Maces & Flails
 - Level 2.4 Armour
 - Level 2.1 Dodging
 + Level 1.7 Stealth


You had 8 spell levels left.
You didn't know any spells.
Your spell library was empty.

Dungeon Overview and Level Annotations

Branches:
Dungeon (8/15)             Temple (1/1) D:6         Ossuary (visited)
   Lair: D:8-11

Altars:
Ashenzari
Cheibriados
Dithmenos
Fedhas
Hepliaklqana
Kikubaaqudgha
Makhleb
Nemelex Xobeh
Okawaru
Qazlal
Ru
Sif Muna
Trog
Uskayaw
Vehumet
Wu Jian
Yredelemnul
Zin
The Shining One

Shops:
D:7 =


Innate Abilities, Weirdness & Mutations

You reflexively headbutt those who attack you in melee.
You have a pair of horns on your head.


Message History

The yak is lightly wounded.
Your plate armour prevents you from hitting the yak.
The yak is lightly wounded.
The yak gores you.
* * * LOW HITPOINT WARNING * * *
You barely miss the yak. Your headbutt misses the yak.
The yak is lightly wounded.
You sock the yak!
The yak is heavily wounded.
The yak gores you but does no damage.
You closely miss the yak.
The yak is heavily wounded.
You are no longer berserk.
You are exhausted.
You feel yourself slow down. The yak barely misses you.
You furiously retaliate!
You headbutt the yak. The yak gores you but does no damage. The yak gores you!
* * * LOW HITPOINT WARNING * * *
The yak barely misses you. The yak gores you!
You die...

##.......# #.....##.#
#......#.## #####
#^.......... ...#
#......##.##
...####.#####.....## .#
P......l†llY#..#.#.# .#
♣.♣.....###Y#....##.#.#
..P.♣#..# #.@.........
P.. ....# ###....##.#..
. P....# ##.#...##..
$..♣#..# #....... ...
#..# .#.(... .. ...#
....... .. ####


You could see 2 yaks and 2 basilisks.

Vanquished Creatures
  The ghost of marlio the Skirmisher, an amateur MiBe of Xom (D:3)
  Grinder (D:5)
  3 yaks (D:8)
  A water moccasin (D:7)
  2 porcupines (D:8)
  3 orc warriors
  2 ogres (D:7)
  A phantom (D:6)
  2 crocodiles
  A bullfrog (D:3)
  A gnoll sergeant (D:6)
  A water moccasin zombie (D:6)
  A water moccasin skeleton (D:4)
  2 scorpions
  A howler monkey (D:7)
  A bullfrog zombie (D:7)
  A crimson imp (D:6)
  A jelly (D:5)
  2 hounds
  5 orc priests
  A bullfrog skeleton (D:6)
  A centaur skeleton (D:5)
  3 iguanas
  3 orc wizards
  2 worker ants
  A mummy (D:4)
  A hound zombie (D:7)
  A hound skeleton (D:5)
  7 adders
  6 gnolls
  5 oozes
  An adder zombie (D:5)
  An adder skeleton (D:6)
  2 worms
  3 dart slugs
  6 leopard geckos
  9 orcs
  5 bats
  6 giant cockroaches
  9 goblins
  14 hobgoblins
  14 jackals
  8 kobolds
  5 quokkas
  2 ball pythons
  4 frilled lizards
  A leopard gecko skeleton (D:4)
  8 rats
  A fungus (D:6)
  2 plants (D:6)
165 creatures vanquished.

Vanquished Creatures (others)
  A withered plant (Ossuary)
1 creature vanquished.

Grand Total: 166 creatures vanquished

Notes
Turn   | Place    | Note
-------+----------+-------------------------------------------
     0 | D:1      | TempestWithin the Minotaur Berserker began the quest for
                  | the Orb.
     0 | D:1      | Reached XP level 1. HP: 19/19 MP: 0/0
    69 | D:1      | Reached skill level 4 in Maces & Flails
    73 | D:1      | Reached XP level 2. HP: 21/26 MP: 1/1
   240 | D:1      | Reached skill level 5 in Maces & Flails
   288 | D:1      | Reached XP level 3. HP: 31/31 MP: 2/2
   788 | D:2      | Reached ** piety under Trog
  1079 | D:2      | Found a burning altar of Makhleb.
  1088 | D:2      | Reached XP level 4. HP: 39/39 MP: 3/3
  1096 | D:2      | Reached skill level 6 in Maces & Flails
  2097 | D:3      | Noticed a bullfrog
  2098 | D:3      | Found a runed translucent door.
  2098 | D:3      | Noticed marlio's ghost (amateur MiBe)
  2128 | D:3      | Killed a bullfrog
  2128 | D:3      | Reached *** piety under Trog
  2128 | D:3      | Reached skill level 7 in Maces & Flails
  2128 | D:3      | Reached XP level 5. HP: 45/45 MP: 4/4
  2135 | D:3      | Killed marlio's ghost
  2135 | D:3      | Reached skill level 8 in Maces & Flails
  2135 | D:3      | Reached XP level 6. HP: 51/51 MP: 5/5
  2318 | D:3      | Reached skill level 1 in Stealth
  2415 | D:3      | Reached skill level 9 in Maces & Flails
  2416 | D:3      | Noticed an orc warrior
  2431 | D:3      | Killed an orc warrior
  2431 | D:3      | Reached XP level 7. HP: 32/57 MP: 6/6
  2946 | D:4      | Found a shimmering blue altar of Sif Muna.
  2946 | D:4      | Found an ancient bone altar of Kikubaaqudgha.
  2949 | D:4      | Found a radiant altar of Vehumet.
  2971 | D:4      | Identified Sif Muna's Almanac of Aid
  3029 | D:4      | Found a sand-covered staircase.
  3033 | Ossuary  | Entered an ossuary
  3144 | D:4      | Found an iron altar of Okawaru.
  3177 | D:4      | Reached skill level 10 in Maces & Flails
  3658 | D:5      | Entered Level 5 of the Dungeon
  3780 | D:5      | Noticed Grinder
  3791 | D:5      | Killed Grinder
  3791 | D:5      | Reached skill level 11 in Maces & Flails
  3825 | D:5      | Reached XP level 8. HP: 47/64 MP: 7/7
  4084 | D:5      | Found a sparkling altar of Nemelex Xobeh.
  4895 | D:6      | Reached skill level 12 in Maces & Flails
  5038 | D:6      | Found a sacrificial altar of Ru.
  5164 | D:6      | Found a staircase to the Ecumenical Temple.
  5497 | D:6      | Reached **** piety under Trog
  5754 | D:6      | Reached skill level 13 in Maces & Flails
  6399 | Temple   | Entered the Ecumenical Temple
  6686 | D:7      | Found a stormy altar of Qazlal.
  6702 | D:7      | Found a hide-covered altar of Uskayaw.
  6718 | D:7      | Found the +3 hat of Pondering {ponderous, MR+ MP+10 Int+5}
  6904 | D:7      | Found Fiqocu's Jewellery Emporium.
  6991 | D:7      | Reached XP level 9. HP: 70/70 MP: 8/8
  7100 | D:7      | Reached skill level 14 in Maces & Flails
  7731 | D:8      | Reached skill level 15 in Maces & Flails
  7743 | D:8      | Slain by a yak

Levels and vault maps discovered:
D:1:      shiori_shiawase, layout_rooms
D:2:      layout_basic, overflow_temple_1_default
D:3:      layout_basic, ebering_ghost_sewer_d, minmay_misc_feat_tiny,
          minmay_box_of_dots
D:4:      layout_loops_ring, grunt_temple_overflow_magic_moments,
          okawaru_trees_1, first_ration, enter_ossuary_5
D:5:      layout_loops_ring, nicolae_overflow_hidden_temple,
          kennysheep_small_square, uniq_grinder
D:6:      layout_basic, minmay_temple_entry_overgrown,
          nicolae_ru_the_path_less_chosen
D:7:      layout_loops_ring, grunt_qazlal_sundering, basic_altar, serial_shops,
          nicolae_shop_behind_doors, grunt_ogre_cave, grunt_ministairs_3,
          minmay_fractal_squares_gapless_5
D:8:      layout_loops_ring, nicolae_overflow_crystal_walls, xom_redecorated,
          minmay_lair_entry_grove, serial_shops,
          nicolae_shop_temple_entry_statues_fountains
Temple:   minmay_temple_bridge_abc

Skill      XL: |  1  2  3  4  5  6  7  8  9 |
---------------+----------------------------+-----
Maces & Flails | 4 5 7 8 9 11 13 15 | 15.2
Stealth        | 1 |  1.7
Fighting       | |  3.6
Armour         | |  2.4
Dodging        | |  2.1

Action                   |  1- 3 |  4- 6 |  7- 9 || total
-------------------------+-------+-------+-------++-------
Melee: Mace              |    90 |    89 |   344 ||   523
       Headbutt          |    16 |    14 |    66 ||    96
Invok: Berserk           |     3 |     4 |     6 ||    13
  Use: Scroll            |       |     4 |     1 ||     5
  Eat: Chunk             |     4 |     3 |    16 ||    23
       Ration            |       |     1 |     2 ||     3
Armor: Animal skin       |     8 |       |       ||     8
       Plate armour      |    51 |    79 |   140 ||   270
Dodge: Dodged            |    41 |    38 |    80 ||   159
